 Dungeon Crawl Stone Soup version 0.31-a0-1338-gb567cfdca4 (webtiles) character file.

Game seed: 10186272392006768415

984 LeprechaunX the Changeling (level 8, 0/54 HPs)
             Began as an Octopode Shapeshifter on Dec 21, 2023.
             Slain by a gnoll
             ... wielding a +0 club
             ... led by a gnoll bouda
              (4 damage)
             ... on level 5 of the Dungeon.
             The game lasted 00:06:55 (3041 turns).

LeprechaunX the Changeling (Octopode Shapeshifter)  Turns: 3041, Time: 00:06:56

Health: 0/54       AC:  1    Str: 14    XL:     8   Next: 17%
Magic:  12/17      EV: 13    Int: 18    God:
Gold:   211        SH:  0    Dex: 13    Spells: 10/11 levels left

rFire   . . .        s - +6 Majin-Bo {spellvamp, MP+6 Int+6}
rCold   . . .        (no shield)
rNeg    . . .        (helmet currently unavailable)
rPois   .            (no amulet)
rElec   .            e - ring of flight
rCorr   .            (no ring)
SInv    .            (no ring)
Will    .....        (no ring)
Stlth   ++           (no ring)
HPRegen 0.29/turn    (no ring)
MPRegen 0.15/turn    (no ring)
                     (no ring)

%: no passive effects
@: beast-form, flying
A: beast (slay +3), almost no armour, amphibious, 8 rings, camouflage 1,
gelatinous body 1, (nimble swimmer 1), tentacles
a: Begin Untransformation


You were on level 5 of the Dungeon.
You were a hulking beast.
You visited 1 branch of the dungeon, and saw 5 of its levels.

You collected 211 gold pieces.

Inventory:

Hand Weapons
 a - a +0 sling
 s - the +6 Majin-Bo (weapon) {spellvamp, MP+6 Int+6}
   (You found it on level 3 of the Dungeon)

   Int+6:     It affects your intelligence (+6).
   MP+6:      It affects your magic capacity (+6).
Jewellery
 e - a ring of flight (left tentacle)
Talismans
 b - a beast talisman
 c - a flux talisman
Wands
 p - a wand of polymorph (5)
 t - a wand of roots (9)
Scrolls
 d - a scroll of summoning {unknown}
 f - a scroll of blinking {unknown}
 h - a scroll of poison {unknown}
 j - a scroll of enchant weapon {unknown}
 k - 2 scrolls of teleportation {unknown}
 l - 5 scrolls of identify {unknown}
 m - 2 scrolls of vulnerability {unknown}
 o - 2 scrolls of fog {unknown}
 u - a scroll of immolation {unknown}
 v - a scroll of revelation {unknown}
Potions
 g - 2 potions of ambrosia {unknown}
 i - a potion of haste {unknown}
 n - 2 potions of curing {unknown}
 q - a potion of lignification
 r - 2 potions of might {unknown}
 w - a potion of cancellation {unknown}


   Skills:
 + Level 4.1 Fighting
 + Level 2.3 Staves
 - Level 2.0 Dodging
 - Level 4.3 Unarmed Combat
 + Level 2.0 Spellcasting
 + Level 2.5 Evocations
 * Level 6.2 Shapeshifting


You had 10 spell levels left.
You knew the following spells:

 Your Spells              Type           Power      Damage    Failure   Level
a - Sting                 Conj/Alch      4%         1d3       19%         1

Your spell library contained the following spells:

 Spells                   Type           Power      Damage    Failure   Level
 Apportation              Tloc           2%         N/A       19%         1
 Necrotise                Necr           4%         1d4       19%         1
 Slow                     Hex            4%         N/A       19%         1
 Summon Small Mammal      Summ           4%         N/A       19%         1
 Call Canine Familiar     Summ           1%         N/A       47%         3
 Sigil of Binding         Hex            1%         N/A       47%         3
 Summon Guardian Golem    Hex/Summ       1%         N/A       47%         3
 Ignite Poison            Fire/Alch      1%         N/A       87%         4
 Sticky Flame             Fire/Alch      1%         2d4       87%         4
 Summon Ice Beast         Ice/Summ       1%         N/A       87%         4
 Summon Mana Viper        Hex/Summ       1%         N/A       99%         5
 Yara's Violent Unravell  Hex/Alch       0%         3d3       99%         5
 Ignition                 Fire           0%         3d3       100%        8


Dungeon Overview and Level Annotations

Branches:
Dungeon (5/15)
 Temple: D:4-7

Altars:
Dithmenos
Gozag
Wu Jian
Xom

Shops:
D:4 *

Annotations:
D:3 2 transporters


Innate Abilities, Weirdness & Mutations

You are a hulking beast.
Your limbs bulge with bestial killing power. (Slay +3)
You cannot wear most types of armour.
You are amphibious.
You can wear up to eight rings at the same time.
Your skin changes colour to match your surroundings (Stealth+).
Your rubbery body absorbs attacks. (AC +1, EV +1)
((You are camouflaged when in or above water. (Stealth+)))
You have tentacles for arms and can constrict up to eight enemies at once.


Message History

Your Spellcasting skill increases to level 2!
You sock the gnoll!
You feel better.
You kill the gnoll!
The gnoll hits you from afar with a +0 halberd!
A gnoll comes into view. It is wielding a +0 club.
The gnoll barely misses you.
You sock the gnoll!
You kill the gnoll!
A jelly comes into view.
The gnoll hits you from afar with a +0 halberd!
* * * LOW HITPOINT WARNING * * *
The orc shouts!
The gnoll is no longer moving quickly.
The gnoll hits you from afar with a +0 halberd!
* * * LOW HITPOINT WARNING * * *
The orc hits you with a +0 club.
* * * LOW HITPOINT WARNING * * *
You sock the orc!
You kill the orc!
Unknown command.
Casting: Sting (safe; 19% risk of failure)
Confirm with . or Enter, or press ? or * to list all spells.
Okay, then.
Casting: Sting (safe; 19% risk of failure)
Confirm with . or Enter, or press ? or * to list all spells.
Aiming: Sting (safe; 19% risk of failure)
Press: ? - help, Shift-Dir - straight line, f - gnoll
Aim: a gnoll, wielding a +0 halberd (69% to hit)
The sting misses the gnoll.
Unknown command.
You sock the gnoll!
You feel better.
You grab the gnoll.
The gnoll is severely wounded.
You constrict the gnoll. The gnoll closely misses you.
The gnoll hits you with a +0 club.
* * * LOW HITPOINT WARNING * * *
Unknown command.
You thump the gnoll!
You feel better.
You kill the gnoll!
The gnoll hits you with a +0 club.
You die...

######## #########......#
.............#.######
#+#######'####......... #
#.##†)h##.#.##..######. #.
#..##g##..#..#.....###.
#.##...(#....##.#..#......
#..##....g..##.(#.........
#...'.......'...#.#.#.##.#
#..##.......##..#.#.#.##.#
#.##....#....##.#.#.#.##.#
###...........###.#.#.##.#
.....g.........+...#.##.#


You could see a gnoll.

Vanquished Creatures
  Sigmund (D:2)
  An ogre (D:4)
  2 phantoms
  Blork the orc (D:4)
  A howler monkey (D:5)
  3 hounds
  A gnoll bouda (D:5)
  Jessica (D:2)
  Terence (D:2)
  An orc wizard (D:4)
  2 iguanas
  6 gnolls
  9 adders
  A bombardier beetle (D:4)
  5 dart slugs
  14 orcs
  7 ball pythons
  9 endoplasms
  3 giant cockroaches
  3 goblins
  13 hobgoblins
  2 jackals (D:3)
  10 kobolds
  5 quokkas
  3 bats
  A frilled lizard (D:2)
  9 rats
115 creatures vanquished.

Notes
Turn   | Place    | Note
-------+----------+-------------------------------------------
     0 | D:1      | LeprechaunX the Octopode Shapeshifter began the quest for
                  | the Orb.
     0 | D:1      | Reached XP level 1. HP: 13/13 MP: 1/1
   100 | D:1      | Reached XP level 2. HP: 12/18 MP: 2/2
   313 | D:1      | Reached XP level 3. HP: 20/23 MP: 3/3
   674 | D:2      | Noticed Sigmund
   689 | D:2      | Killed Sigmund
   690 | D:2      | Reached skill level 4 in Shapeshifting
   690 | D:2      | Reached XP level 4. HP: 16/30 MP: 4/4
   690 | D:2      | Reached XP level 5. HP: 18/35 MP: 5/5
   892 | D:2      | Noticed Terence
   901 | D:2      | Killed Terence
   902 | D:2      | Reached XP level 6. HP: 33/41 MP: 6/6
  1126 | D:2      | Noticed Jessica
  1226 | D:2      | Got the Handbook of the Comitatus and Execration
  1291 | D:2      | Killed Jessica
  1292 | D:2      | Reached skill level 5 in Shapeshifting
  1575 | D:3      | Found a transporter.
  1576 | D:3      | Found a shadowy altar of Dithmenos.
  1581 | D:3      | Found a shimmering altar of Xom.
  1591 | D:3      | Found a transporter.
  1715 | D:3      | Found the +6 Majin-Bo {spellvamp, MP+6 Int+6}
  2171 | D:3      | Learned a level 1 spell: Sting
  2264 | D:4      | Found an opulent altar of Gozag.
  2267 | D:4      | Reached skill level 1 in Evocations
  2267 | D:4      | Reached XP level 7. HP: 46/46 MP: 8/8
  2276 | D:4      | Reached skill level 1 in Staves
  2276 | D:4      | Reached skill level 1 in Spellcasting
  2299 | D:4      | Found Mequam's CLEARANCE SALE!.
  2669 | D:4      | Found an ornate altar of the Wu Jian Council.
  2767 | D:4      | Noticed Blork the orc
  2777 | D:4      | Killed Blork the orc
  2883 | D:5      | Entered Level 5 of the Dungeon
  3009 | D:5      | Reached skill level 6 in Shapeshifting
  3030 | D:5      | Reached XP level 8. HP: 14/54 MP: 10/10
  3036 | D:5      | HP: 2/54 [gnoll/+0 halberd[a gnoll bouda] (11)]
  3041 | D:5      | Slain by a gnoll

Illustrated notes

Levels and vault maps discovered:
D:1:      minmay_arrival_checkered_box, layout_basic,
          hangedman_decor_diamond_cutter
D:2:      layout_rooms, minmay_misc_feat_chi, uniq_terence, uniq_jessica,
          uniq_sigmund
D:3:      layout_basic, mainiacjoe_overflow_six_doors_small,
          gammafunk_temple_overflow_arena
D:4:      layout_rooms, mainiacjoe_overflow_boulevard, marbit_many_paths,
          nicolae_shop_clearance, uniq_blork_the_orc
D:5:      layout_loops_ring, cheibrodos_ashenzari_chains,
          nzn_hepliaklqana_mist_gate, minmay_temple_entry_waves,
          minmay_pentangle

Skill      XL: |  1  2  3  4  5  6  7  8 |
---------------+-------------------------+-----
Fighting       | 2 3 4 |  4.1
Unarmed Combat | 4 |  4.3
Shapeshifting  | 4 5 6 |  6.2
Evocations     | 1 2 |  2.5
Staves         | 2 |  2.3
Spellcasting   | 1 2 |  2.0
Dodging        | |  2.0

Action                     |  1- 3 |  4- 6 |  7- 9 || total
---------------------------+-------+-------+-------++-------
  Melee: Unarmed           |    63 |    72 |       ||   135
         Constrict         |    15 |    14 |    11 ||    40
         Punch             |     2 |     2 |     1 ||     5
         Tentacles         |     7 |    11 |    10 ||    28
         Bo                |       |     4 |    67 ||    71
   Cast: Sting             |       |     2 |     8 ||    10
    Use: Potion            |     1 |       |       ||     1
   Stab: Sleeping          |     6 |     4 |     7 ||    17
         Distracted        |       |     1 |       ||     1
 Armour: Skin              |    21 |    29 |    28 ||    78
  Dodge: Dodged            |    35 |    26 |    35 ||    96

Table legend: (Time is in decaauts)
 A = Elapsed time spent in this place.
 B = Non-inter-level travel time spent in this place.
 C = Inter-level travel time spent in this place.
 D = Time resting spent in this place.
 E = Time spent auto-exploring this place.
 F = Levels seen in this place.
 G = Mean time per level.
                   A        B        C        D        E       F      G
               +--------+--------+--------+--------+--------+-----+--------+
         Total |   3022 |   2819 |    203 |    173 |   1990 |   5 |  604.4 |
       Dungeon |   3022 |   2819 |    203 |    173 |   1990 |   5 |  604.4 |
               +--------+--------+--------+--------+--------+-----+--------+

Top non-repeatable levels by time:
     D:2: 806 daAuts
     D:3: 734 daAuts
     D:4: 667 daAuts
     D:1: 653 daAuts
     D:5: 159 daAuts
